PIO (24 & UNDER)
CHULA VISTA TACOS @ JASPER COUGARS
10/01/2027
 
TOP OF THE 1ST
Chula Vista Tacos batting - Pitching for Jasper Cougars : RHP Rien Middelkamp
Pitching: RHP Rien Middelkamp
Batting: RHB Matt O'Rourke 0-0: SINGLE (Groundball, 56D)
Batting: RHB Juan Morales 0-0: Called Strike
0-1: Ball
1-1: Reached on error, E6 (Groundball, 6)
Matt O'Rourke to second
Batting: LHB John White 0-0: Called Strike
0-1: Foul Ball, location: 2F
0-2: Fly out, F4 (Popup, 34)
Batting: RHB Jake Reeves 0-0: SINGLE (Groundball, 6D)
Matt O'Rourke to third
Juan Morales to second
Runner from 3rd tries for Home, throw and OUT!
Batting: LHB Ethan Shaw 0-0: Swinging Strike
0-1: Called Strike
0-2: Ground out U3 (Groundball, 34)
Top of the 1st over - 0 run(s), 2 hit(s), 1 error(s), 2 left on base; Chula Vista 0 - Jasper 0
BOTTOM OF THE 1ST
Jasper Cougars batting - Pitching for Chula Vista Tacos : RHP Bobby Booker
Pitching: RHP Bobby Booker
Batting: LHB David Adams 0-0: Ball
1-0: Ground out 1-3 (Groundball, 15)
Batting: RHB Charles Lewis 0-0: Fly out, F1 (Line Drive, 15)
Batting: LHB António Camacho 0-0: Swinging Strike
0-1: Swinging Strike
0-2: Foul Ball, location: 2F
0-2: Strikes out swinging
Bottom of the 1st over - 0 run(s), 0 hit(s), 0 error(s), 0 left on base; Chula Vista 0 - Jasper 0
TOP OF THE 2ND
Chula Vista Tacos batting - Pitching for Jasper Cougars : RHP Rien Middelkamp
Batting: RHB Javier González 0-0: Ball
1-0: Ball
2-0: Foul Ball, location: 2F
2-1: Ball
3-1: SOLO HOME RUN (Flyball, 8LXD), Distance : 433 ft
Batting: LHB Arthur MacDonald 0-0: Called Strike
0-1: Fly out, F7 (Flyball, 7LS)
Batting: LHB Nick Hill 0-0: Ball
1-0: Called Strike
1-1: Called Strike
1-2: Strikes out swinging
Batting: RHB Preston Wooten 0-0: Ball
1-0: SINGLE (Line Drive, 7LS)
Batting: RHB Matt O'Rourke 0-0: Ball
1-0: Ball
2-0: Called Strike
2-1: Foul Ball, location: 2F
2-2: SINGLE (Line Drive, 6MD)
Preston Wooten to second
Batting: RHB Juan Morales 0-0: Fly out, F8 (Flyball, 8RM)
Top of the 2nd over - 1 run(s), 3 hit(s), 0 error(s), 2 left on base; Chula Vista 1 - Jasper 0
BOTTOM OF THE 2ND
Jasper Cougars batting - Pitching for Chula Vista Tacos : RHP Bobby Booker
Batting: LHB Oliver Hernández 0-0: Ball
1-0: SINGLE (Line Drive, 8LS)
Batting: RHB Ron Elazar 0-0: Called Strike
0-1: Ball
1-1: Called Strike
1-2: Foul Ball, location: 2F
1-2: Strikes out swinging
Batting: LHB Jon Scott 0-0: Called Strike
Oliver Hernández steals 2nd base
0-1: Ground out U3 (Groundball, 34S)
Oliver Hernández to third
Batting: LHB Francisco Cardenas 0-0: Called Strike
0-1: Called Strike
0-2: Ball
1-2: Ball
2-2: SINGLE (Groundball, 56D)
Oliver Hernández scores
Batting: RHB José Maldonado 0-0: DOUBLE (Flyball, 8LXD)
Francisco Cardenas to third
Runner from 3rd tries for Home, SAFE, no throw
Batting: RHB Alberto Castillo 0-0: SINGLE (Groundball, 6MD)
José Maldonado to third
Runner from 3rd tries for Home, SAFE, no throw
Batting: LHB David Adams 0-0: Ball
Alberto Castillo is caught stealing 2nd base
Bottom of the 2nd over - 3 run(s), 4 hit(s), 0 error(s), 0 left on base; Chula Vista 1 - Jasper 3
TOP OF THE 3RD
Chula Vista Tacos batting - Pitching for Jasper Cougars : RHP Rien Middelkamp
Batting: LHB John White 0-0: Called Strike
0-1: Ball
1-1: Ball
2-1: Ball
3-1: Base on Balls
Batting: RHB Jake Reeves 0-0: Foul Ball, location: 2F
0-1: Fly out, F7 (Flyball, 78M)
Batting: LHB Ethan Shaw 0-0: DOUBLE (Groundball, 3L)
John White to third
Batting: RHB Javier González 0-0: Fly out, F7 (Line Drive, 78M)
Runner from 3rd tags up, SCORES, throw made
Batting: LHB Arthur MacDonald 0-0: Ball
1-0: DOUBLE (Line Drive, 9LM)
Ethan Shaw scores
Batting: LHB Nick Hill 0-0: Called Strike
0-1: Ball
1-1: Ball
2-1: Foul Ball, location: 2F
2-2: Ball
3-2: Strikes out swinging
Top of the 3rd over - 2 run(s), 2 hit(s), 0 error(s), 1 left on base; Chula Vista 3 - Jasper 3
BOTTOM OF THE 3RD
Jasper Cougars batting - Pitching for Chula Vista Tacos : RHP Bobby Booker
Batting: LHB David Adams 0-0: Ball
1-0: Ball
2-0: Foul Ball, location: 2F
2-1: Ball
3-1: Swinging Strike
3-2: Fly out, F8 (Line Drive, 8LS)
Batting: RHB Charles Lewis 0-0: Ball
1-0: Ball
2-0: Ground out 4-3 (Groundball, 4)
Batting: LHB António Camacho 0-0: Foul Ball, location: 2F
0-1: Ball
1-1: Swinging Strike
1-2: Foul Ball, location: 2F
1-2: SOLO HOME RUN (Flyball, 9D), Distance : 342 ft
Batting: LHB Oliver Hernández 0-0: Ball
1-0: Foul Ball, location: 2F
1-1: Foul Ball, location: 2F
1-2: Strikes out swinging
Bottom of the 3rd over - 1 run(s), 1 hit(s), 0 error(s), 0 left on base; Chula Vista 3 - Jasper 4
TOP OF THE 4TH
Chula Vista Tacos batting - Pitching for Jasper Cougars : RHP Rien Middelkamp
Batting: RHB Preston Wooten 0-0: Foul Ball, location: 2F
0-1: Swinging Strike
0-2: Foul Ball, location: 2F
0-2: Strikes out looking
Batting: RHB Matt O'Rourke 0-0: Swinging Strike
0-1: Foul Ball, location: 2F
0-2: Strikes out looking
Batting: RHB Juan Morales 0-0: Called Strike
0-1: Ball
1-1: Foul Ball, location: 2F
1-2: Ball
2-2: Ball
3-2: Foul Ball, location: 2F
3-2: Strikes out swinging
Top of the 4th over - 0 run(s), 0 hit(s), 0 error(s), 0 left on base; Chula Vista 3 - Jasper 4
BOTTOM OF THE 4TH
Jasper Cougars batting - Pitching for Chula Vista Tacos : RHP Bobby Booker
Batting: RHB Ron Elazar 0-0: Foul Ball, location: 2F
0-1: Ball
1-1: Ground out 4-3 (Groundball, 4)
Batting: LHB Jon Scott 0-0: Swinging Strike
0-1: Called Strike
0-2: Strikes out looking
Batting: LHB Francisco Cardenas 0-0: Called Strike
0-1: Fly out, F8 (Flyball, 8RD)
Bottom of the 4th over - 0 run(s), 0 hit(s), 0 error(s), 0 left on base; Chula Vista 3 - Jasper 4
TOP OF THE 5TH
Chula Vista Tacos batting - Pitching for Jasper Cougars : RHP Rien Middelkamp
Batting: LHB John White 0-0: Ball
1-0: Foul Ball, location: 2F
1-1: Ball
2-1: Fly out, F7 (Flyball, 7LM)
Batting: RHB Jake Reeves 0-0: Ball
1-0: Fly out, F8 (Flyball, 78M)
Batting: LHB Ethan Shaw 0-0: Ball
1-0: Swinging Strike
1-1: Fly out, F8 (Flyball, 8LS)
Top of the 5th over - 0 run(s), 0 hit(s), 0 error(s), 0 left on base; Chula Vista 3 - Jasper 4
BOTTOM OF THE 5TH
Jasper Cougars batting - Pitching for Chula Vista Tacos : RHP Bobby Booker
Batting: RHB José Maldonado 0-0: Ball
1-0: Called Strike
1-1: Swinging Strike
1-2: Strikes out swinging
Pitching: RHP Carlos Madraso
Batting: RHB Alberto Castillo 0-0: Ball
1-0: Foul Ball, location: 2F
1-1: Called Strike
1-2: Foul Ball, location: 2F
1-2: SINGLE (Line Drive, 8LS)
Batting: LHB David Adams 0-0: Called Strike
0-1: Ball
1-1: Ball
2-1: Ball
Alberto Castillo is caught stealing 2nd base
3-1: Base on Balls
Batting: RHB Charles Lewis 0-0: Ball
1-0: Ball
2-0: Foul Ball, location: 2F
2-1: Ball
3-1: Base on Balls
David Adams to second
Batting: LHB António Camacho 0-0: Called Strike
0-1: Ball
1-1: Ball
2-1: Called Strike
2-2: Ball
3-2: Base on Balls
David Adams to third
Charles Lewis to second
Batting: LHB Oliver Hernández 0-0: Swinging Strike
0-1: Swinging Strike
0-2: Strikes out swinging
Bottom of the 5th over - 0 run(s), 1 hit(s), 0 error(s), 3 left on base; Chula Vista 3 - Jasper 4
TOP OF THE 6TH
Chula Vista Tacos batting - Pitching for Jasper Cougars : RHP Rien Middelkamp
Batting: RHB Javier González 0-0: Bunt for hit - play at first, batter OUT! 1-3
Batting: LHB Arthur MacDonald 0-0: Called Strike
0-1: Ball
1-1: Ground out 4-3 (Groundball, 4)
Batting: LHB Nick Hill 0-0: Fly out, F7 (Flyball, 78M)
Top of the 6th over - 0 run(s), 0 hit(s), 0 error(s), 0 left on base; Chula Vista 3 - Jasper 4
BOTTOM OF THE 6TH
Jasper Cougars batting - Pitching for Chula Vista Tacos : RHP Carlos Madraso
Batting: RHB Ron Elazar 0-0: Ball
1-0: Called Strike
1-1: Ball
2-1: Called Strike
2-2: Ball
3-2: Foul Ball, location: 2F
3-2: Base on Balls
Batting: LHB Jon Scott 0-0: Ball
1-0: Ball
2-0: Foul Ball, location: 2F
2-1: Ball
3-1: Base on Balls
Ron Elazar to second
Batting: LHB Francisco Cardenas 0-0: Ball
1-0: Called Strike
1-1: Foul Ball, location: 2F
1-2: SINGLE (Line Drive, 8LS)
Ron Elazar to third
Jon Scott to second
Batting: RHB José Maldonado 0-0: Foul Ball, location: 2F
0-1: Foul Ball, location: 2F
0-2: Ball
1-2: Ball
2-2: GRAND SLAM HOME RUN (Flyball, 9D), Distance : 340 ft
Pitching: RHP Pat Hanna
Batting: RHB Alberto Castillo 0-0: Called Strike
0-1: Ball
1-1: Swinging Strike
1-2: Ball
2-2: Ball
3-2: Strikes out swinging
Batting: LHB David Adams 0-0: Ball
1-0: Ground out U3 (Groundball, 3S)
Batting: RHB Charles Lewis 0-0: Called Strike
0-1: SINGLE (Groundball, 3D)
Batting: LHB António Camacho 0-0: Ball
1-0: Fielders Choice at 2nd, 4-6 (Groundball, 4)
Bottom of the 6th over - 4 run(s), 3 hit(s), 0 error(s), 0 left on base; Chula Vista 3 - Jasper 8
TOP OF THE 7TH
Chula Vista Tacos batting - Pitching for Jasper Cougars : RHP Rien Middelkamp
Batting: RHB Preston Wooten 0-0: Foul Ball, location: 2F
0-1: Foul Ball, location: 2F
0-2: Ground out 6-3 (Groundball, 6)
Batting: RHB Matt O'Rourke 0-0: Ball
1-0: Foul Ball, location: 2F
1-1: Ball
2-1: Ground out 6-3 (Groundball, 6)
Batting: RHB Juan Morales 0-0: Swinging Strike
0-1: Ball
1-1: Swinging Strike
1-2: Foul Ball, location: 2F
1-2: Ball
2-2: Foul Ball, location: 2F
2-2: Fly out, F5 (Popup, 56D)
Top of the 7th over - 0 run(s), 0 hit(s), 0 error(s), 0 left on base; Chula Vista 3 - Jasper 8
BOTTOM OF THE 7TH
Jasper Cougars batting - Pitching for Chula Vista Tacos : RHP Pat Hanna
Batting: LHB Oliver Hernández 0-0: Ball
1-0: Ball
2-0: SINGLE (Groundball, 56) (infield hit)
Batting: RHB Ron Elazar 0-0: Ball
Oliver Hernández steals 2nd base
1-0: Called Strike
1-1: Foul Ball, location: 2F
1-2: Fly out, F7 (Flyball, 78M)
Batting: LHB Jon Scott 0-0: Ball
1-0: Ball
Oliver Hernández steals 3rd base
2-0: Ball
3-0: Called Strike
3-1: Base on Balls
Batting: LHB Francisco Cardenas 0-0: Called Strike
0-1: Swinging Strike
0-2: Ball
1-2: Ball
2-2: Ball
3-2: Strikes out swinging
Jon Scott is caught stealing 2nd base
Batter strikes out.
Bottom of the 7th over - 0 run(s), 1 hit(s), 0 error(s), 1 left on base; Chula Vista 3 - Jasper 8
TOP OF THE 8TH
Chula Vista Tacos batting - Pitching for Jasper Cougars : RHP Rien Middelkamp
Pitching: LHP Javier Galeas
Batting: LHB John White 0-0: Called Strike
0-1: Fly out, F7 (Flyball, 7)
Batting: RHB Jake Reeves 0-0: Ball
1-0: Called Strike
1-1: Ball
2-1: SINGLE (Groundball, 6MD)
Batting: LHB Ethan Shaw 0-0: Swinging Strike
0-1: Ball
1-1: Fly out, F2 (Popup, 23)
Batting: RHB Javier González 0-0: Ball
1-0: Ball
2-0: Called Strike
2-1: SINGLE (Flyball, 34D)
Jake Reeves to second
Runner from 2nd tries for 3rd, SAFE, throw made to third
Batting: LHB Arthur MacDonald 0-0: Called Strike
0-1: Ball
1-1: Ball
2-1: Foul Ball, location: 2F
2-2: Foul Ball, location: 2F
2-2: Strikes out swinging
Top of the 8th over - 0 run(s), 2 hit(s), 0 error(s), 2 left on base; Chula Vista 3 - Jasper 8
BOTTOM OF THE 8TH
Jasper Cougars batting - Pitching for Chula Vista Tacos : RHP Pat Hanna
Pitching: LHP Doug Ledoux
Batting: RHB José Maldonado 0-0: Called Strike
0-1: Called Strike
0-2: Strikes out swinging
Batting: RHB Alberto Castillo 0-0: Called Strike
0-1: Ball
1-1: Swinging Strike
1-2: Foul Ball, location: 2F
1-2: Ball
2-2: Fly out, F9 (Flyball, 9S)
Batting: LHB David Adams 0-0: Called Strike
0-1: Ball
1-1: SINGLE (Groundball, 6MD)
Batting: RHB Charles Lewis 0-0: Fly out, F8 (Flyball, 8LM)
Bottom of the 8th over - 0 run(s), 1 hit(s), 0 error(s), 1 left on base; Chula Vista 3 - Jasper 8
TOP OF THE 9TH
Chula Vista Tacos batting - Pitching for Jasper Cougars : LHP Javier Galeas
Batting: LHB Nick Hill 0-0: Ball
1-0: Swinging Strike
1-1: Ball
2-1: Foul Ball, location: 2F
2-2: Strikes out swinging
Batting: RHB Preston Wooten 0-0: Called Strike
0-1: Swinging Strike
0-2: Strikes out swinging
Batting: RHB Matt O'Rourke 0-0: Called Strike
0-1: Ball
1-1: DOUBLE (Line Drive, 7LM)
Batting: RHB Juan Morales 0-0: Called Strike
0-1: Called Strike
0-2: Strikes out swinging
Top of the 9th over - 0 run(s), 1 hit(s), 0 error(s), 1 left on base; Chula Vista 3 - Jasper 8
Thursday, March 30th, 2017 - OOTP Baseball 17.12 Build 75